 Dungeon Crawl Stone Soup version 0.31.0-11-ge490571c62 (webtiles) character file.

Game seed: 6269167598273310463

993 qw the Skirmisher (level 7, -3/40 HPs)
             Began as a Deep Elf Hunter on Feb 4, 2024.
             Was an Initiate of Okawaru.
             Slain by a yak (9 damage)
             ... on level 5 of the Dungeon.
             The game lasted 00:00:18 (4074 turns).

qw the Skirmisher (Deep Elf Hunter)                 Turns: 4074, Time: 00:00:19

Health: -3/40      AC: 12    Str: 10    XL:     7   Next: 98%
Magic:  9/9        EV: 12    Int: 14    God:    Okawaru [......]
Gold:   223        SH:  0    Dex: 24    Spells: 6/6 levels left

rFire   . . .        a - +0 shortbow
rCold   . . .        (shield currently unavailable)
rNeg    . . .        b - +1 ring mail
rPois   .            (no helmet)
rElec   .            (no cloak)
rCorr   .            l - +2 pair of gloves
SInv    +            h - +2 pair of boots
Will    .....        (no amulet)
Stlth   ++           f - ring of see invisible
HPRegen 0.26/turn    k - +6 ring of dexterity
MPRegen 0.11/turn

%: no passive effects
@: hasted, very quick
A: no striking features
a: Renounce Religion


You were on level 5 of the Dungeon.
You worshipped Okawaru.
Okawaru was noncommittal.
You visited 2 branches of the dungeon, and saw 6 of its levels.
You also visited: Sewer.

You collected 223 gold pieces.


   Skills:
 + Level 2.3 Fighting
 - Level 12.0 Ranged Weapons
 - Level 1.1 Armour
 - Level 4.0 Dodging
 - Level 1.2 Stealth


You had 6 spell levels left.
You didn't know any spells.
Your spell library was empty.

Inventory:

Hand Weapons
 a - a +0 shortbow (weapon)
Armour
 b - a +1 ring mail (worn)
 h - a +2 pair of boots (worn)
 l - a +2 pair of gloves (worn)
Jewellery
 f - a ring of see invisible (left hand)
 i - a ring of fire
 k - a +6 ring of dexterity (right hand)
Potions
 c - 3 potions of curing
 d - 3 potions of haste
 m - 2 potions of might {unknown}

Dungeon Overview and Level Annotations

Branches:
Dungeon (5/15)             Temple (1/1) D:5           Sewer (visited)

Altars:
Ashenzari
Cheibriados
Dithmenos
Elyvilon
Fedhas
Kikubaaqudgha
Makhleb
Okawaru
Qazlal
Ru
Trog
Uskayaw
Vehumet
Wu Jian
Xom
Yredelemnul
Zin
The Shining One

Shops:
D:4 *


Message History

You shoot an arrow. The yak bellows!
The arrow hits the yak!
The yak is heavily wounded.
You shoot an arrow. The arrow hits the yak.
The yak is severely wounded.
You shoot an arrow. The arrow hits the yak!
The yak is almost dead.
A yak comes into view.
The yak gores you.
You shoot an arrow. The yak bellows!
The arrow hits the yak.
The yak is almost dead.
The yak gores you!
A yak comes into view.
You shoot an arrow. The yak bellows!
The arrow hits the yak.
You kill the yak!
Okawaru is honoured by your kill.
Your Ranged Weapons skill increases to level 12!
You shoot an arrow. The arrow hits the yak.
The yak is lightly wounded.
The yak gores you but does no damage.
You shoot an arrow. The arrow hits the yak.
The yak is lightly wounded.
The yak gores you!
You shoot an arrow.
The arrow hits the yak but does no damage.
The yak is lightly wounded.
You shoot an arrow. The arrow completely misses the yak.
The yak closely misses you.
You shoot an arrow.
The arrow hits the yak but does no damage.
The yak is lightly wounded.
You shoot an arrow. The arrow hits the yak!
The yak is moderately wounded.
The yak gores you! x2
You die...

# #. .<..# #.#####
..#.#.# .##.)....
.....#.#.
........#####........#
........#............#
........#............#
...YY..Y#..........[.####
...)..YY@................
#########.....)......####
#................
#................
#######..........
#.......... ####.......
#....... #.......


You could see 5 yaks.

Vanquished Creatures
  A yak (D:5)
  A water moccasin (D:5)
  A phantom (D:5)
  2 brain worms (Sewer)
  A scorpion (D:5)
  A bombardier beetle (D:5)
  4 hounds
  3 iguanas
  An orc wizard (D:5)
  6 adders
  5 river rats (Sewer)
  2 ufetubi (D:3)
  4 dart slugs
  4 ribbon worms
  11 orcs (D:5)
  6 endoplasms
  2 giant cockroaches
  6 goblins
  8 hobgoblins
  4 jackals (D:1)
  3 quokkas
  8 ball pythons
  6 bats
  9 frilled lizards
  3 kobolds
  12 rats
114 creatures vanquished.

Vanquished Creatures (others)
  A bat (D:3)
1 creature vanquished.

Grand Total: 115 creatures vanquished

Notes
Turn   | Place    | Note
-------+----------+-------------------------------------------
     0 | D:1      | qw the Deep Elf Hunter began the quest for the Orb.
     0 | D:1      | Reached XP level 1. HP: 12/12 MP: 3/3
     0 | D:1      | 0 ||| qw: Version: 0.3-a-160-g6735b56
     0 | D:1      | 0 ||| qw: Game counter: 5383
     0 | D:1      | 0 ||| qw: Melee chars always use a shield: true
     0 | D:1      | 0 ||| qw: God list: Okawaru
     0 | D:1      | 0 ||| qw: Allow faded altars: false
     0 | D:1      | 0 ||| qw: Do Orc after clearing Dungeon:15 true
     0 | D:1      | 0 ||| qw: Do second Lair branch before Depths: true
     0 | D:1      | 0 ||| qw: Lair rune preference: random
     0 | D:1      | 0 ||| qw: Goals: Normal
     0 | D:1      | 0 ||| PLANNING D:1-11
   114 | D:1      | Reached XP level 2. HP: 16/16 MP: 4/4
   121 | D:1      | Reached skill level 6 in Ranged Weapons
   162 | D:1      | Found a faded altar of an unknown god.
   566 | D:1      | Reached XP level 3. HP: 20/20 MP: 5/5
   640 | D:1      | 640 ||| UPGRADING to +0 scale mail.
   650 | D:1      | 650 ||| DROPPING +0 leather armour.
   651 | D:1      | 651 ||| UPGRADING to +0 pair of gloves.
   656 | D:1      | 656 ||| UPGRADING to ring of see invisible.
   657 | D:1      | 657 ||| UPGRADING to +6 ring of dexterity.
   658 | D:1      | 658 ||| READING 3 scrolls labelled ABANTA UNESOOM.
   659 | D:1      | 659 ||| READING scroll labelled CUKUNU MIDOPU.
   659 | D:1      | 659 ||| IDENTIFYING glowing orange potion
   660 | D:1      | 660 ||| READING scroll labelled EKOBLA KEZUI.
   660 | D:1      | 660 ||| ENCHANTING +0 pair of gloves.
   661 | D:1      | 661 ||| READING scroll labelled GIREEG WEVU.
   662 | D:1      | 662 ||| DROPPING scroll of butterflies.
   663 | D:1      | 663 ||| DROPPING 2 scrolls of blinking.
  1365 | D:2      | Reached skill level 7 in Ranged Weapons
  1530 | D:2      | Reached XP level 4. HP: 19/25 MP: 6/6
  1531 | D:2      | 1531 ||| FLEEEEING.
  1708 | D:2      | 1708 ||| UPGRADING to +0 ring mail.
  1718 | D:2      | 1718 ||| UPGRADING to +1 pair of boots.
  1723 | D:2      | 1723 ||| DROPPING +0 scale mail.
  1724 | D:2      | 1724 ||| READING 2 scrolls of identify.
  1724 | D:2      | 1724 ||| IDENTIFYING blue potion
  1725 | D:2      | 1725 ||| READING scroll of identify.
  1725 | D:2      | 1725 ||| IDENTIFYING scroll labelled CIUROZOSUA
  1726 | D:2      | 1726 ||| READING scroll labelled WUQYGH OLOANUY.
  1727 | D:2      | 1727 ||| DROPPING scroll of revelation.
  1923 | D:3      | Found a glowing golden altar of the Shining One.
  1925 | D:3      | Noticed an angel
  1947 | D:3      | Reached skill level 8 in Ranged Weapons
  1972 | D:3      | Found a basalt altar of Yredelemnul.
  2372 | D:3      | 2372 ||| READING 2 scrolls labelled KIARUO GANNO.
  2373 | D:3      | 2373 ||| READING 2 scrolls labelled QIDIDGHOGEI.
  2374 | D:3      | 2374 ||| DROPPING scroll of poison.
  2375 | D:3      | 2375 ||| DROPPING scroll of immolation.
  2377 | D:3      | 2377 ||| Stepping ~*~*~tactically~*~*~ (cloud).
  2469 | D:4      | 2469 ||| PLANNING SEWER
  2471 | D:4      | Reached skill level 3 in Dodging
  2497 | D:4      | Reached XP level 5. HP: 29/29 MP: 7/7
  2600 | D:4      | 2600 ||| FLEEEEING.
  2601 | D:4      | 2601 ||| FLEEEEING.
  2602 | D:4      | 2602 ||| FLEEEEING.
  2650 | D:4      | Found a glowing drain.
  2651 | D:4      | 2651 ||| READING scroll of identify.
  2651 | D:4      | 2651 ||| IDENTIFYING emerald potion
  2660 | Sewer    | Entered a sewer
  2688 | Sewer    | Reached skill level 9 in Ranged Weapons
  2802 | Sewer    | Reached XP level 6. HP: 29/36 MP: 6/8
  2847 | Sewer    | 2847 ||| READING scroll of enchant armour.
  2847 | Sewer    | 2847 ||| ENCHANTING +1 pair of gloves.
  2850 | Sewer    | 2850 ||| READING scroll of enchant armour.
  2850 | Sewer    | 2850 ||| ENCHANTING +1 pair of boots.
  2919 | Sewer    | Reached skill level 1 in Armour
  3119 | Sewer    | 3119 ||| READING scroll of enchant armour.
  3119 | Sewer    | 3119 ||| ENCHANTING +0 ring mail.
  3120 | Sewer    | 3120 ||| READING scroll labelled YHOEDIFROUR.
  3159 | D:4      | 3159 ||| PLANNING D:1-11
  3347 | D:4      | Found Eqiettuh's General Store.
  3538 | D:5      | Entered Level 5 of the Dungeon
  3570 | D:5      | Reached skill level 10 in Ranged Weapons
  3584 | D:5      | Reached XP level 7. HP: 16/40 MP: 9/9
  3584 | D:5      | HP: 10/40 [poisoned by an orc wizard]
  3585 | D:5      | 3585 ||| DRINKING 2 potions of heal wounds.
  3589 | D:5      | 3589 ||| DRINKING potion of heal wounds.
  3664 | D:5      | Found a staircase to the Ecumenical Temple.
  3665 | D:5      | 3665 ||| PLANNING TEMPLE
  3665 | D:5      | 3665 ||| READING scroll of identify.
  3665 | D:5      | 3665 ||| IDENTIFYING inky potion
  3666 | D:5      | 3666 ||| DROPPING potion of attraction.
  3674 | Temple   | Entered the Ecumenical Temple
  3675 | Temple   | 3675 ||| PLANNING OKAWARU WORSHIP
  3689 | Temple   | Became a worshipper of Warmaster Okawaru
  3690 | Temple   | 3690 ||| PLANNING D:1-11
  3770 | D:5      | Found an ancient bone altar of Kikubaaqudgha.
  3917 | D:5      | Reached skill level 11 in Ranged Weapons
  4056 | D:5      | Noticed a yak
  4056 | D:5      | Noticed a yak
  4057 | D:5      | 4057 ||| DRINKING 4 potions of haste.
  4058 | D:5      | Noticed a yak
  4059 | D:5      | 4059 ||| RETREEEEATING.
  4063 | D:5      | Noticed a yak
  4066 | D:5      | Noticed a yak
  4067 | D:5      | Noticed a yak
  4068 | D:5      | Killed a yak
  4069 | D:5      | Reached skill level 12 in Ranged Weapons
  4074 | D:5      | HP: 6/40 [yak (9)]
  4074 | D:5      | Slain by a yak

Levels and vault maps discovered:
D:1:      minmay_arrival_five_plusses, layout_loops_ring,
          shapermc_ecumenical_altar_starsandcircs
D:2:      minmay_razor_zed, layout_loops_corners, kennysheep_generic_room_8
D:3:      layout_basic, grunt_temple_overflow_holy_war, serial_bayou_crossing
D:4:      layout_cave_pools, serial_shops, shop, portal_sewer_entry_b,
          kennysheep_small_square
D:5:      layout_basic, kiku_gazebo_pond_becter, minmay_temple_entry_overgrown
Temple:   bh_familiar_temple

Skill      XL: |  1  2  3  4  5  6  7 |
---------------+----------------------+-----
Ranged Weapons | 6 7 8 9 10 12 | 12.0
Dodging        | 3 4 |  4.0
Fighting       | 2 |  2.3
Armour         | 1 |  1.1
Stealth        | |  1.2

Action                     |  1- 3 |  4- 6 |  7- 9 || total
---------------------------+-------+-------+-------++-------
   Fire: Shortbow          |   141 |   189 |    75 ||   405
    Use: Scroll            |     4 |    10 |     1 ||    15
         Potion            |       |       |     3 ||     3
 Armour: Leather armour    |    10 |       |       ||    10
         Scale mail        |    36 |     1 |       ||    37
         Ring mail         |       |    70 |    23 ||    93
  Dodge: Dodged            |    42 |    58 |    14 ||   114

Table legend:
 A = Non-vault XP
 B = Vault XP
 C = Vault XP percentage of total XP
 D = Non-vault monster count
 E = Vault monster count
 F = Vault count percentage of total count
                 A         B        C        D         E       F
            +---------+---------+-------+---------+---------+-------
      Total |    1035 |     384 |  27.1 |      74 |      40 |  35.1
            +---------+---------+-------+---------+---------+-------
        D:1 |      41 |       0 |   0.0 |      25 |       0 |   0.0
        D:2 |      32 |      36 |  52.9 |      10 |      13 |  56.5
        D:3 |      48 |       0 |   0.0 |      11 |       0 |   0.0
        D:4 |     175 |      57 |  24.6 |       9 |       7 |  43.8
        D:5 |     739 |       0 |   0.0 |      19 |       0 |   0.0
      Sewer |       0 |     291 | 100.0 |       0 |      20 | 100.0
            +---------+---------+-------+---------+---------+-------
